Map: Jagannatha LE

Players

lorimbo - Winner!

  • Race: Zerg Zerg
  • League: Master
  • Spawn Location: 7:00

Skikky

  • Race: Terran Terran
  • League: Master
  • Spawn Location: 1:00

VOD

Have the link to the VOD?

Description

Time

  • Played on: March 4, 2021, 4:40 p.m.
  • Length: 8:42
Show
View Real Time Build Order
Export as new Build Order

lorimbo Zerg - Winner!

Build Orders: Pool First 

Get SALT Encoding   

  12  0:01  Drone  
  13  0:12  Overlord  
  13  0:17  Drone  
  14  0:30  Drone x2  
  16  0:41  Spawning Pool  
  15  0:45  Drone  
  15  0:48  Drone  
  17  0:55  Drone  
  18  1:12  Hatchery  
  18  1:14  Extractor  
  18  1:17  Drone  
  17  1:28  Zergling x4  
  19  1:39  Roach Warren  
  18  1:43  Drone  
  19  1:48  Queen  
  21  1:55  Overlord  
  21  2:24  Roach  
  21  2:25  Roach x3  
  29  2:36  Roach  
  31  2:38  Queen  
  31  2:42  Drone  
  34  2:49  Drone x2  
  35  3:04  Overlord, Ravager  
  36  3:20  Overlord  
  36  3:23  Drone x5  
  41  3:39  Drone x3  
  44  3:42  Ravager  
  44  3:43  Drone x3  
  48  3:49  Drone  
  48  3:52  Drone  
  50  3:58  Queen  
  52  4:07  Drone x2  
  52  4:13  Overlord x2  
  52  4:21  Queen  
  52  4:29  Overlord  
  52  4:31  Drone  
  45  4:35  Drone x2  
  45  4:37  Queen  
  49  4:44  Hatchery  
  48  4:45  Overlord  
  48  4:47  Drone  
  49  4:55  Overlord  
  49  4:56  Roach  
  51  5:00  Queen  
  53  5:14  Queen  
  53  5:16  Drone x6  
  61  5:27  Evolution Chamber  
  61  5:28  Evolution Chamber  
  59  5:29  Drone x2  
  59  5:30  Extractor  
  60  5:35  Overlord  
  60  5:42  Hatchery, Drone x3  
  62  5:45  Lair  
  62  5:47  Drone x2  
  62  5:48  Drone  
  67  5:57  Roach x3  
  67  5:59  Queen, Drone  
  67  6:01  Extractor  
  67  6:02  Extractor  
  67  6:03  Drone  
  73  6:04  Zerg Missile Weapons Level 1  
  73  6:07  Drone  
  73  6:09  Zerg Ground Armor Level 1  
  74  6:17  Drone x5  
  74  6:18  Drone  
  80  6:26  Drone x4  
  80  6:27  Overlord  
  80  6:30  Drone  
  80  6:31  Extractor  
  85  6:40  Drone  
  85  6:41  Drone x2  
  85  6:43  Glial Reconstitution  
  85  6:44  Overlord, Extractor  
  86  6:52  Drone x4  
  90  6:55  Queen  
  90  6:57  Drone x2  
  90  7:00  Roach x5  
  104  7:05  Overlord x2  
  104  7:15  Roach x6  
  116  7:18  Metabolic Boost  
  116  7:24  Roach x4  
  116  7:29  Overseer, Spore Crawler  
  122  7:33  Roach  
  122  7:34  Roach x2  
  123  7:45  Overseer  
  123  7:47  Roach  
  123  7:48  Roach x5  
  135  7:59  Overlord x2  
  135  8:06  Overlord  
  135  8:08  Ravager  
  136  8:13  Overlord  
  136  8:17  Ravager x6  
  136  8:19  Zergling x14  
  152  8:20  Zergling x6  
  152  8:21  Overlord x2  
Show
View Real Time Build Order
Export as new Build Order

Skikky Terran 

Build Orders: Reaper Expand 

Get SALT Encoding   

  12  0:00  SCV  
  13  0:12  SCV  
  14  0:17  Supply Depot  
  14  0:24  SCV  
  15  0:39  SCV  
  15  0:40  Barracks  
  16  0:44  Refinery  
  16  0:51  SCV  
  17  1:03  SCV  
  18  1:15  SCV  
  19  1:27  Orbital Command, Reaper  
  20  1:40  Command Center  
  20  1:50  Supply Depot  
  20  1:53  SCV  
  21  1:59  Marine  
  22  2:06  SCV  
  23  2:10  Factory  
  23  2:18  Marine  
  24  2:23  SCV  
  25  2:30  Refinery  
  25  2:35  SCV  
  26  2:38  Barracks Reactor  
  26  2:47  SCV  
  27  2:53  Orbital Command  
  27  2:59  Bunker  
  27  3:01  SCV  
  27  3:04  Factory Tech Lab  
  28  3:08  Bunker  
  28  3:13  SCV  
  28  3:14  Marine x2  
  31  3:21  SCV  
  31  3:32  Cyclone  
  30  3:37  Marine x2  
  30  3:42  SCV  
  30  3:54  SCV  
  30  3:57  Marine x2  
  32  4:09  Siege Tank  
  25  4:28  Marine  
  25  4:29  SCV x2, Marine  
  20  4:41  SCV  
  20  4:42  SCV  
  22  4:53  SCV  
  22  4:54  SCV  
  22  4:57  Starport  
  22  4:59  Marine x2  
  26  5:06  SCV x2  
  28  5:15  Cyclone  
  28  5:16  Marine  
  28  5:17  Marine  
  28  5:18  SCV  
  34  5:28  SCV  
  34  5:30  SCV  
  34  5:32  Barracks  
  34  5:33  Barracks  
  36  5:41  Marine x2  
  38  5:43  Supply Depot  
  38  5:44  Supply Depot  
  38  5:57  Factory Tech Lab  
  38  5:58  Cloaking Field  
  38  6:04  Banshee, SCV x2, Marine x2  
  38  6:07  Supply Depot  
  45  6:12  Supply Depot  
  45  6:16  SCV x2  
  47  6:29  SCV, Marine x2  
  51  6:34  Barracks Tech Lab  
  51  6:35  Marine  
  51  6:39  SCV  
  52  6:41  SCV  
  52  6:44  Siege Tank  
  56  6:47  Banshee, Marine x2  
  61  6:54  SCV x2  
  61  6:58  Marine, Refinery  
  61  6:59  Marine  
  65  7:11  Supply Depot x2  
  65  7:14  Marine x2  
  67  7:18  Marauder  
  69  7:44  Marine  
  70  7:51  Siege Tank, Marauder  
  75  7:52  SCV x2  
  77  7:58  Barracks  
  77  7:59  Medivac, Supply Depot x2  
  77  8:00  Barracks  
  77  8:02  Supply Depot  
  77  8:03  Medivac  
  77  8:04  SCV x2  
  80  8:16  SCV x2  
  82  8:20  Marauder, Marine  
  82  8:21  Marauder  
Tags
 
Add a new tag
Caveats
  • Supply blocks, unpowered buildings, or Contaminate may cause inaccurate times.
  • Supply counts are checked every 10 seconds.